 Dungeon Crawl Stone Soup version 0.28-a0-2-g643f2454ad (webtiles) character file.

Game seed: 17488325488138969193

466 DocSulfur the Changer (level 6, -2/47 HPs)
             Began as a Draconian Transmuter on July 21, 2021.
             Was an Initiate of Makhleb.
             Succumbed to a scorpion's poison
             ... on level 4 of the Dungeon.
             The game lasted 00:13:27 (4558 turns).

DocSulfur the Changer (Draconian Transmuter)        Turns: 4558, Time: 00:13:27

Health: -2/47      AC:  6    Str: 12    XL:     6   Next: 81%
Magic:  11/11      EV: 12    Int: 16    God:    Makhleb [......]
Gold:   186        SH:  0    Dex: 11    Spells: 6/12 levels left

rFire   . . .      SeeInvis .     - Unarmed
rCold   . . .      Faith    .   (no shield)
rNeg    . . .      Spirit   .   (armour unavailable)
rPois   .          Reflect  .   (helmet currently unavailable)
rElec   .          Harm     .   (no cloak)
rCorr   .          Rampage  .   (no gloves)
Will    .....                   (boots currently unavailable)
Stlth   +.........              (no amulet)
HPRegen 0.15/turn               (no ring)
MPRegen 0.12/turn               (no ring)

@: lethally poisoned (-2 -> -22), appendages, flying, very slightly
contaminated, invisible
A: horns 2, talons 2, AC +6, unfitting armour, cold-blooded
a: End Transformation, Renounce Religion


You were on level 4 of the Dungeon.
You worshipped Makhleb.
Makhleb was noncommittal.
You had temporarily grown beastly horns and talons.
You visited 2 branches of the dungeon, and saw 5 of its levels.

You collected 186 gold pieces.

Inventory:

Missiles
 f - 43 poisoned darts (quivered)
 j - 7 datura-tipped darts
Magical Staves
 c - a staff of fire
Wands
 n - a wand of iceblast (7)
Scrolls
 a - a scroll of immolation {unknown}
 e - 2 scrolls of noise {unknown}
 g - a scroll of amnesia
 h - 2 scrolls of teleportation {unknown}
 i - 3 scrolls of identify {unknown}
 m - a scroll of fear {unknown}
Potions
 l - a potion of attraction {unknown}
 o - a potion of brilliance {unknown}


   Skills:
 - Level 1.1 Fighting
 - Level 1.7 Dodging
 - Level 3.0 Unarmed Combat
 + Level 3.5 Spellcasting
 * Level 5.0 Transmutations
 - Level 4.0 Poison Magic


You had 6 spell levels left.
You knew the following spells:

 Your Spells              Type           Power      Damage    Failure   Level
a - Beastly Appendage     Tmut           38%        N/A       2%          1
b - Spider Form           Tmut/Pois      8%         N/A       9%          3
c - Wereblood             Tmut           19%        N/A       3%          2

Your spell library contained the following spells:

 Spells                   Type           Power      Damage    Failure   Level
 Passwall                 Tmut/Erth      8%         N/A       10%         2
 Swiftness                Air            2%         N/A       47%         3
 Ice Form                 Ice/Tmut       10%        N/A       52%         4
 Invisibility             Hex            1%         N/A       100%        6


Dungeon Overview and Level Annotations

Branches:
Dungeon (4/15)             Temple (1/1) D:4

Altars:
Cheibriados
Dithmenos
Elyvilon
Fedhas
Gozag
Kikubaaqudgha
Makhleb
Nemelex Xobeh
Qazlal
Ru
Sif Muna
Trog
Uskayaw
Wu Jian
Xom
Yredelemnul
Zin
The Shining One

Annotations:
D:4 2 transporters, Tutankhamun's ghost, novice TrFi


Innate Abilities, Weirdness & Mutations

You have temporarily grown beastly horns and talons.
Your plain brown scales are hard. (AC +6)
You cannot fit into any form of body armour.
You are cold-blooded and may be slowed by cold attacks.


Message History

You feel sick. The scorpion stings you.
* * * LOW HITPOINT WARNING * * *
You are lethally poisoned!
The scorpion poisons you! The scorpion misses you.
You barely miss the scorpion.
The scorpion is heavily wounded.
* * * LOW HITPOINT WARNING * * *
You feel very sick. The scorpion barely misses you.
You hit the scorpion but do no damage. Your kick misses the scorpion.
The scorpion is heavily wounded.
* * * LOW HITPOINT WARNING * * *
You feel very sick.
The scorpion stings you but does no damage.
It was a potion of curing.
You feel better.
The scorpion stings you but does no damage.
It was a potion of invisibility.
You fade into invisibility!
The scorpion barely misses you.
You are very lightly contaminated with residual magic.
You hit the scorpion but do no damage. Your kick misses the scorpion.
Your tail-slap misses the scorpion.
The scorpion is heavily wounded.
The scorpion barely misses you. The scorpion stings you.
* * * LOW HITPOINT WARNING * * *
You are lethally poisoned!
The scorpion poisons you!
You barely miss the scorpion. You claw the scorpion.
Your headbutt misses the scorpion.
The scorpion is heavily wounded.
* * * LOW HITPOINT WARNING * * *
You feel very sick. The scorpion stings you.
* * * LOW HITPOINT WARNING * * *
You are more poisoned.
The scorpion poisons you!
It was a potion of flight.
You feel very buoyant.
You fly up into the air.
You die...

.Z.##..#.# #.# ##.#####. ...8#..#
#.# #......#.
...##..#.#####.##########..###.#.
.......#...................# #.#.
([$...©#......####.##......# #.#.
########....(....#.#.......# #.##
.©............##.#.#.......# #...
..............##.#.#.......# ####
..............##@#>#......[#
..............##s#.#.......#
..............##.#.#.############
..............##.#.#.#######....#
########......##.#.#.......'....#
#......##.#.#..######...^#
#......##.#.#..######....#
###.......#.........#....#
#.#######.#.#####.###'##


You could see a scorpion.

Vanquished Creatures
  2 ogres (D:4)
  A jelly (D:4)
  An orc priest (D:4)
  Jessica (D:2)
  An iguana (D:4)
  Terence (D:2)
  Ijyb (D:4)
  2 adders
  A howler monkey skeleton (D:3)
  10 dart slugs
  3 orcs
  6 endoplasms
  3 giant cockroaches
  8 goblins
  6 hobgoblins
  9 jackals
  4 quokkas
  5 ball pythons
  3 bats
  4 frilled lizards
  7 kobolds
  4 rats
83 creatures vanquished.

Notes
Turn   | Place    | Note
-------+----------+-------------------------------------------
     0 | D:1      | DocSulfur the Draconian Transmuter began the quest for the
                  | Orb.
     0 | D:1      | Reached XP level 1. HP: 16/16 MP: 3/3
   211 | D:1      | Reached XP level 2. HP: 23/23 MP: 3/5
   305 | D:1      | Found a faded altar of an unknown god.
   314 | D:1      | Reached skill level 1 in Poison Magic
  1221 | D:2      | Reached XP level 3. HP: 28/28 MP: 4/6
  1225 | D:2      | Learned a level 3 spell: Spider Form
  1228 | D:2      | Learned a level 2 spell: Wereblood
  1332 | D:2      | Noticed Terence
  1377 | D:2      | Killed Terence
  1378 | D:2      | Reached skill level 3 in Transmutations
  1491 | D:2      | Noticed Jessica
  1500 | D:2      | Killed Jessica
  1501 | D:2      | Reached XP level 4. HP: 35/35 MP: 5/7
  2355 | D:3      | Reached XP level 5. HP: 40/40 MP: 3/9
  2947 | D:4      | Noticed an ogre
  2973 | D:4      | Killed an ogre
  2974 | D:4      | Reached skill level 4 in Transmutations
  2974 | D:4      | Reached XP level 6. HP: 42/47 MP: 8/10
  3004 | D:4      | Found a transporter.
  3004 | D:4      | Noticed Tutankhamun's ghost (novice TrFi)
  3027 | D:4      | Found a transporter.
  3346 | D:4      | Noticed Ijyb
  3354 | D:4      | Killed Ijyb
  3721 | D:4      | Reached skill level 5 in Transmutations
  4044 | D:4      | Found a bloodstained altar of Trog.
  4051 | D:4      | Found a staircase to the Ecumenical Temple.
  4058 | Temple   | Entered the Ecumenical Temple
  4317 | Temple   | Became a worshipper of Makhleb the Destroyer
  4557 | D:4      | HP: 2/47 [scorpion (3)]
  4558 | D:4      | Succumbed to a scorpion's poison

Illustrated notes

Levels and vault maps discovered:
D:1:      evilmike_arrival_plus, layout_basic,
          hellmonk_ecumenical_altar_pennies_from_heaven,
          kennysheep_another_room, chequers_hall_statues_wall_a,
          minmay_tetromino_o2
D:2:      minmay_angry_zag, layout_basic, hex_medium, uniq_jessica, uniq_terence
D:3:      layout_basic, chequers_jeans, st_stairs_10
D:4:      layout_basic, mainiacjoe_overflow_alcove_1,
          minmay_temple_entry_proselytizer, gammafunk_ghost_mausoleum,
          serial_shops, shop_fountains, uniq_ijyb, uniq_crazy_yiuf_cottage
Temple:   minmay_crystal_spiral_temple

Skill      XL: |  1  2  3  4  5  6 |
---------------+-------------------+-----
Poison Magic   | 1 2 3 4 |  4.0
Transmutations | 3 4 5 |  5.0
Spellcasting   | 3 |  3.5
Fighting       | |  1.1
Dodging        | |  1.7
Unarmed Combat | |  3.0

Action                   |  1- 3 |  4- 6 || total
-------------------------+-------+-------++-------
Melee: Unarmed           |   102 |   165 ||   267
       Kick              |    14 |    24 ||    38
       Headbutt          |    10 |    19 ||    29
       Tailslap          |     9 |    10 ||    19
       Punch             |       |     1 ||     1
Throw: Dart              |     2 |     1 ||     3
 Cast: Beastly Appendage |    21 |    29 ||    50
       Wereblood         |     3 |    15 ||    18
       Spider Form       |       |     7 ||     7
  Use: Potion            |       |     3 ||     3
       Scroll            |       |     1 ||     1
 Stab: Sleeping          |     1 |       ||     1
Armor: Skin              |    31 |    48 ||    79
Dodge: Dodged            |    67 |   105 ||   172

Table legend: (Time is in decaauts)
 A = Elapsed time spent in this place.
 B = Non-inter-level travel time spent in this place.
 C = Inter-level travel time spent in this place.
 D = Time resting spent in this place.
 E = Time spent auto-exploring this place.
 F = Levels seen in this place.
 G = Mean time per level.
                   A        B        C        D        E       F      G
               +--------+--------+--------+--------+--------+-----+--------+
         Total |   4544 |   4421 |    123 |    610 |   1955 |   5 |  908.8 |
       Dungeon |   4236 |   4159 |     77 |    610 |   1955 |   4 | 1059.0 |
        Temple |    307 |    261 |     46 |      0 |      0 |   1 |  307.0 |
               +--------+--------+--------+--------+--------+-----+--------+

Top non-repeatable levels by time:
     D:4: 1347 daAuts
     D:1: 1208 daAuts
     D:2: 990 daAuts
     D:3: 691 daAuts
  Temple: 307 daAuts
